 Dungeon Crawl Stone Soup version 0.29.1-12-g30fa7ad0bf (webtiles) character file.

Game seed: 7094053585525363499

54 FexLirch the Ruffian (level 3, 0/36 HPs)
             Began as a Troll Monk on Jan 3, 2023.
             Slain by Terence
             ... wielding a +6 short sword of electrocution
              (7 damage)
             ... on level 2 of the Dungeon.
             The game lasted 00:01:06 (782 turns).

FexLirch the Ruffian (Troll Monk)                    Turns: 782, Time: 00:01:06

Health: 0/36       AC:  4    Str: 21    XL:     3   Next: 66%
Magic:  2/2        EV: 10    Int:  6    God:
Gold:   65         SH:  0    Dex: 12    Spells: 2/2 levels left

rFire   . . .      SeeInvis .     - Unarmed
rCold   . . .      Faith    .   (no shield)
rNeg    . . .      Spirit   .   a - +0 robe
rPois   .          Reflect  .   (helmet restricted)
rElec   .          Harm     .   (no cloak)
rCorr   .          Rampage  .   (gloves unavailable)
Will    .....                   (boots unavailable)
Stlth   ++........              (no amulet)
HPRegen 0.92/turn               (no ring)
MPRegen 0.08/turn               (no ring)

@: no status effects
A: large, unfitting armour, claws 3, regeneration 1, shaggy fur 1, tough skin 1
a: no special abilities


You were on level 2 of the Dungeon.
You visited 1 branch of the dungeon, and saw 2 of its levels.

You collected 65 gold pieces.

Inventory:

Armour
 a - a +0 robe (worn)
Jewellery
 e - an amulet of the acrobat
Scrolls
 c - a scroll of teleportation {unknown}
 d - a scroll of silence {unknown}
 f - a scroll of identify {unknown}
 g - 3 scrolls of noise {unknown}
Potions
 b - a potion of ambrosia
 h - a potion of curing {unknown}


   Skills:
 - Level 2.4 Fighting
 - Level 2.4 Dodging
 - Level 1.0 Stealth
 + Level 4.7 Unarmed Combat


You had 2 spell levels left.
You didn't know any spells.
Your spell library was empty.

Dungeon Overview and Level Annotations

Branches:
Dungeon (2/15)

Altars:

Shops:
D:2 =

Annotations:
D:2 Terence


Innate Abilities, Weirdness & Mutations

You are too large for most types of armour.
You have claws for hands.
Your natural rate of healing is unusually fast.
You are covered in fur. (AC +1)
You have tough skin. (AC +1)


Message History

You barely miss Terence.
Terence is moderately wounded.
Terence is nearby!
You closely miss Terence.
Terence is moderately wounded.
Terence misses you.
Terence is nearby!
You scratch Terence.
Terence is heavily wounded.
Terence barely misses you.
There are monsters nearby!
You closely miss Terence.
Terence is heavily wounded.
Terence hits you with a +6 short sword of electrocution.
There are monsters nearby!
The ball python hisses angrily.
You scratch Terence but do no damage.
Terence is heavily wounded.
Terence hits you with a +6 short sword of electrocution.
Terence is nearby!
You scratch Terence but do no damage.
Terence is heavily wounded.
Terence hits you with a +6 short sword of electrocution!
There are monsters nearby!
You are too injured to fight recklessly!
There are monsters nearby!
You are too injured to fight recklessly!
There are monsters nearby!
You are too injured to fight recklessly!
You scratch Terence.
Terence is severely wounded.
Terence hits you with a +6 short sword of electrocution!
You claw Terence!
Terence is almost dead.
Terence hits you with a +6 short sword of electrocution.
* * * LOW HITPOINT WARNING * * *
You scratch Terence but do no damage.
Terence is almost dead.
Terence hits you with a +6 short sword of electrocution!
You die...

### #.# #.#
#.#########
#..@@......
#.###$.....
#.# S....
#######!###
....
..........+
...
..#####.###
.. #.# .
#.# # #.# #


You could see Terence and a ball python.

Vanquished Creatures
  Robin (D:2)
  2 dart slugs
  5 ball pythons (D:1)
  3 bats (D:1)
  2 endoplasms (D:1)
  A giant cockroach (D:1)
  7 goblins
  7 hobgoblins
  2 quokkas (D:1)
  2 frilled lizards
  A kobold (D:1)
  2 rats (D:2)
35 creatures vanquished.

Notes
Turn   | Place    | Note
-------+----------+-------------------------------------------
     0 | D:1      | FexLirch the Troll Monk began the quest for the Orb.
     0 | D:1      | Reached XP level 1. HP: 22/22 MP: 0/0
   129 | D:1      | Found a faded altar of an unknown god.
   131 | D:1      | Reached XP level 2. HP: 29/29 MP: 1/1
   167 | D:1      | Reached skill level 4 in Unarmed Combat
   320 | D:1      | Reached XP level 3. HP: 36/36 MP: 2/2
   664 | D:2      | Found Dianuvve's Jewellery Shoppe.
   701 | D:2      | Noticed Robin
   712 | D:2      | Killed Robin
   767 | D:2      | Noticed Terence
   782 | D:2      | Slain by Terence

Illustrated notes

Levels and vault maps discovered:
D:1:      minmay_arrival_four_circles, layout_basic,
          hellmonk_ecumenical_altar_run_dry
D:2:      layout_basic, serial_shops, shop, lemuel_flame_loot_1, uniq_robin,
          uniq_terence

Skill      XL: |  1  2 |
---------------+-------+-----
Unarmed Combat | 4 |  4.7
Fighting       | |  2.4
Dodging        | |  2.4
Stealth        | |  1.0

Action                   || total
-------------------------++-------
Melee: Unarmed           ||    96
 Stab: Sleeping          ||     1
Armor: Robe              ||    15
Dodge: Dodged            ||    46
